 Dungeon Crawl Stone Soup version 0.29.1-15-g9cfb28693d (webtiles) character file.

Game seed: 5077261852854589306

61 tizbic2 the Digger (level 3, -6/27 HPs)
             Began as a Demigod Earth Elementalist on Apr 18, 2023.
             Mangled by Crazy Yiuf
             ... wielding a +2 quarterstaff of chaos
              (10 damage)
             ... on level 3 of the Dungeon.
             The game lasted 00:08:00 (2591 turns).

tizbic2 the Digger (Demigod Earth Elementalist)     Turns: 2591, Time: 00:08:01

Health: -6/27      AC:  6    Str:  6 (9)  XL:     3   Next: 58%
Magic:  6/9        EV:  9    Int: 20 (21) God:
Gold:   87         SH:  0    Dex: 12 (14) Spells: 2/6 levels left

rFire   . . .      SeeInvis .   a - staff of poison
rCold   . . .      Faith    .   (no shield)
rNeg    . . .      Spirit   .   r - +0 ring mail
rPois   +          Reflect  .   (no helmet)
rElec   +          Harm     .   k - scarf {shadows}
rCorr   .          Rampage  .   (no gloves)
Will    .....      Clarity  +   m - +0 pair of boots
Stlth   +.........              l - amulet of the acrobat
HPRegen 0.09/turn               (no ring)
MPRegen 0.11/turn               (no ring)

@: flying
A: high MP 1, forlorn, divine attributes, clarity, electricity resistance
a: no special abilities


You were on level 3 of the Dungeon.
You visited 1 branch of the dungeon, and saw 3 of its levels.

You collected 87 gold pieces.

Inventory:

Hand Weapons
 w - a +1 sling
Armour
 h - a +0 robe
 k - a scarf of shadows (worn)
 m - a +0 pair of boots (worn)
 r - a +0 ring mail (worn)
Magical Staves
 a - a staff of poison (weapon)
Jewellery
 l - an amulet of the acrobat (around neck)
 o - a ring of flight
 q - a ring of see invisible
Wands
 j - a wand of iceblast (13)
Scrolls
 n - a scroll of identify
 p - a scroll of teleportation
Potions
 b - 2 potions of magic
 c - a potion of curing
 d - a potion of degeneration
 e - a potion of attraction
 i - 2 potions of cancellation


   Skills:
 + Level 0.8 Fighting
 + Level 0.8 Staves
 + Level 0.2 Ranged Weapons
 - Level 1.7 Dodging
 - Level 1.7 Stealth
 * Level 2.4 Spellcasting
 - Level 0.8 Transmutations
 * Level 3.3 Earth Magic
 + Level 0.4 Poison Magic


You had 2 spell levels left.
You knew the following spells:

 Your Spells              Type           Power      Damage    Failure   Level
a - Sandblast             Erth           30%        2d9       16%         1
b - Stone Arrow           Conj/Erth      18%        3d8       67%         3

Your spell library contained the following spells:

 Spells                   Type           Power      Damage    Failure   Level
 Passwall                 Tmut/Erth      8%         N/A       36%         2
 Petrify                  Tmut/Erth      10%        N/A       95%         4


Dungeon Overview and Level Annotations

Branches:
Dungeon (3/15)

Annotations:
D:3 Crazy Yiuf


Innate Abilities, Weirdness & Mutations

You have an increased reservoir of magic. (+10% MP)
You shall have no god before yourself.
Your divine heritage dramatically boosts your attributes as you level up.
You possess an exceptional clarity of mind.
You are resistant to electric shocks. (rElec)


Message History

a - a staff of poison (weapon)
Okay, then.
It was a potion of degeneration.
There was something very wrong with that liquid.
You feel weakened.
You feel dopey.
You feel clumsy.
It was a potion of flight.
You feel very buoyant.
You fly up into the air.
It was a potion of mutation.
You feel extremely strange.
Your thoughts seem clearer.
You feel insulated.
You reach down and open the door.
Casting: Sandblast (safe; 16% risk of failure)
Confirm with . or Enter, or press ? or * to list all spells.
Aiming: Sandblast (safe; 16% risk of failure)
Press: ? - help, Shift-Dir - straight line, f/p - Crazy Yiuf
Aim: Crazy Yiuf, wielding a +2 quarterstaff of chaos and wearing a +0 cloak (84% to hit)
The blast of sand hits Crazy Yiuf!
Crazy Yiuf is heavily wounded.
Crazy Yiuf closely misses you.
Crazy Yiuf hits you with a +2 quarterstaff of chaos!
Crazy Yiuf burns you.
Casting: Sandblast (safe; 16% risk of failure)
Confirm with . or Enter, or press ? or * to list all spells.
Aiming: Sandblast (safe; 16% risk of failure)
Press: ? - help, Shift-Dir - straight line, f/p - Crazy Yiuf
Aim: Crazy Yiuf, wielding a +2 quarterstaff of chaos and wearing a +0 cloak (heavily wounded, 84% to hit)
The blast of sand hits Crazy Yiuf.
Crazy Yiuf is severely wounded.
Crazy Yiuf barely misses you.
Casting: Sandblast (safe; 16% risk of failure)
Confirm with . or Enter, or press ? or * to list all spells.
Aiming: Sandblast (safe; 16% risk of failure)
Press: ? - help, Shift-Dir - straight line, f/p - Crazy Yiuf
Aim: Crazy Yiuf, wielding a +2 quarterstaff of chaos and wearing a +0 cloak (severely wounded, 84% to hit)
The blast of sand hits Crazy Yiuf.
Crazy Yiuf is severely wounded.
Crazy Yiuf hits you with a +2 quarterstaff of chaos.
* * * LOW HITPOINT WARNING * * *
Crazy Yiuf hits you with a +2 quarterstaff of chaos!
You die...

.......# ##........##
......## ##......##
......# #.######
....#.## ### #......##
........# .#......##♣♣
### ##.........♣♣
♣♣#..)#
..........PP♣♣♣♣@g...#
..#..........♣..♣#...#
..##...#....♣.♣♣♣ ###
#...#..###♣♣♣♣♣
.##.....# .....#.##
..#........
...........
.##........#


You could see Crazy Yiuf.

Vanquished Creatures
  2 adders
  A worm (D:2)
  2 bats
  6 endoplasms
  4 goblins
  3 hobgoblins
  2 jackals (D:1)
  7 kobolds
  2 quokkas
  A ball python (D:2)
  6 frilled lizards
  3 rats
39 creatures vanquished.

Notes
Turn   | Place    | Note
-------+----------+-------------------------------------------
     0 | D:1      | tizbic2 the Demigod Earth Elementalist began the quest for
                  | the Orb.
     0 | D:1      | Reached XP level 1. HP: 14/14 MP: 5/5
   460 | D:1      | Reached XP level 2. HP: 22/22 MP: 5/7
   468 | D:1      | Reached skill level 3 in Earth Magic
  1352 | D:2      | Reached XP level 3. HP: 22/27 MP: 1/9
  1487 | D:2      | Learned a level 3 spell: Stone Arrow
  2580 | D:3      | Found a runed translucent door.
  2581 | D:3      | Noticed Crazy Yiuf
  2587 | D:3      | Gained mutation: You possess an exceptional clarity of
                  | mind. [potion of mutation]
  2587 | D:3      | Gained mutation: You are resistant to electric shocks.
                  | (rElec) [potion of mutation]
  2591 | D:3      | Mangled by Crazy Yiuf

Illustrated notes

Levels and vault maps discovered:
D:1:      dpeg_arrival_signposts, layout_rooms, minmay_misc_feat_four_crosses
D:2:      layout_basic, shapermc_ecumenical_altar_ellora,
          kennysheep_pointless_box
D:3:      layout_rooms, nicolae_figureground_sparkle, uniq_crazy_yiuf_cottage

Skill      XL: |  1  2 |
---------------+-------+-----
Spellcasting   | 2 |  2.4
Earth Magic    | 3 |  3.3
Fighting       | |  0.8
Staves         | |  0.8
Ranged Weapons | |  0.2
Dodging        | |  1.7
Stealth        | |  1.7
Transmutations | |  0.8
Poison Magic   | |  0.4

Action                   || total
-------------------------++-------
Melee: Dagger            ||    15
       Staff             ||    30
 Fire: Sling             ||     3
 Cast: Sandblast         ||    47
  Use: Scroll            ||     5
       Potion            ||     3
 Stab: Sleeping          ||     1
Armor: Robe              ||    15
       Ring mail         ||     1
Dodge: Dodged            ||    29
